 Dungeon Crawl Stone Soup version 0.23.0 (webtiles) character file.

Game seed: 7085065457302001500

212 Masnef the Scratcher (level 5, -1/22 HPs)
             Began as a Felid Warper on Feb 16, 2019.
             Was a Follower of Ashenzari.
             Killed from afar by an orc wizard (6 damage)
             ... with a magic dart
             ... on level 4 of the Dungeon.
             The game lasted 00:10:14 (5533 turns).

Masnef the Scratcher (Felid Warper)                 Turns: 5533, Time: 00:10:14

Health: -1/22      AC:  1    Str:  7    XL:     5   Next: 58%
Magic:  9/9        EV: 18    Int: 16    God:    Ashenzari [*.....]
Gold:   163        SH:  0    Dex: 15    Spells: 6/8 levels left
                                        Lives:  0   Deaths: 1

rFire    . . .     SeeInvis +     - Unarmed
rCold    . . .     Gourm    .   (shield unavailable)
rNeg     . . .     Faith    .   (armour unavailable)
rPois    .         Spirit   .   (helmet unavailable)
rElec    .         Reflect  .   (cloak unavailable)
rCorr    .         Harm     .   (gloves unavailable)
MR       .....                  (boots unavailable)
Stlth    +++.......             (no amulet)
HPRegen  0.07/turn              (no ring)
MPRegen  0.11/turn              (no ring)

@: quick
A: very small, no armour, no weapons or thrown items, stealth, claws 1, fangs 3,
see invisible, carnivore, speed 1, shaggy fur 1, slow metabolism 1, sharp paws
a: Curse Item, Scrying, Renounce Religion


You were on level 4 of the Dungeon.
You worshipped Ashenzari.
Ashenzari was aware of your devotion.
You were very full.

You visited 1 branch of the dungeon, and saw 4 of its levels.

You collected 163 gold pieces.

Inventory:

Wands
 e - a wand of polymorph (10)
Scrolls
 a - 3 scrolls of identify {unknown}
 b - a scroll of blinking
 d - 4 scrolls of teleportation {unknown}
 h - a scroll of magic mapping {unknown}
Potions
 f - a potion of might {unknown}
 g - a potion of magic {unknown}
 j - a potion of flight {unknown}
Comestibles
 c - 4 rations


   Skills:
 - Level 2.0 Fighting
 - Level 3.2 Dodging
 + Level 4.3 Stealth
 + Level 5.3 Unarmed Combat
 - Level 2.0 Spellcasting
 - Level 4.4 Translocations
 + Level 1.1 Evocations


You had 6 spell levels left.
You knew the following spells:

 Your Spells              Type           Power        Failure   Level  Hunger
b - Blink                 Tloc           N/A          5%          2    ###....

Your spell library contained the following spells:

 Spells                   Type           Power        Failure   Level  Hunger
 Gell's Gravitas          Tloc           ###.......   11%         3    ###....
 Lesser Beckoning         Tloc           ###.......   11%         3    ###....
 Teleport Other           Tloc           ###.....     11%         3    ###....
 Shroud of Golubria       Chrm/Tloc      #.........   13%         2    ###....
 Passage of Golubria      Tloc           N/A          34%         4    #####..


Dungeon Overview and Level Annotations

Branches:
Dungeon (4/15)
 Temple: D:4-7

Altars:
Ashenzari


Innate Abilities, Weirdness & Mutations

You cannot wear armour.
You are incapable of wielding weapons or throwing items.
Your paws allow you to move quietly. (Stealth)
You have sharp claws.
You have razor-sharp teeth.
You have supernaturally acute eyesight. (SInv)
You are carnivorous and can eat meat at any time.
You cover ground quickly.
You are covered in fur. (AC +1)
You have a slow metabolism.
Your sharp claws are effective at attacking unaware monsters.


Message History

Your orc hits the orc but does no damage.
Evoke which item? (* to show all) (? for menu, Esc to quit)
Okay, then.
You closely miss the orc wizard.
The orc wizard is moderately wounded.
The orc wizard closely misses you.
The orc hits your orc but does no damage.
Your orc barely misses the orc.
Unknown command.
You scratch the orc wizard but do no damage.
The orc wizard is moderately wounded.
The orc wizard barely misses you. The orc misses your orc.
Your orc hits the orc with a +0 dagger.
The orc dies!
Unknown command.
You claw the orc wizard! Your claw misses the orc wizard.
The orc wizard is almost dead.
The orc wizard gestures at you while chanting.
The magic dart hits you.
You die...

.#.............
..............
........#
.............
........#
...........#
........#
#.........#
.....(..#
.##$.......#
........#
.......))..#
.........
...##..oo..#
........#
#...@..#
........#
#......#
........#
#......#
........#
#......#
........#
#...#.##
.........
#...#.#
........#
#####.#
.......#. #.#
.#######.
#.###### #<....


You could see an orc wizard and a friendly orc.

Vanquished Creatures
  A golden eye (D:3)
  A hound (D:3)
  Terence (D:2)
  4 adders
  A worm (D:2)
  A dart slug (D:1)
  A leopard gecko (D:3)
  12 orcs
  4 giant cockroaches (D:3)
  4 goblins
  A hobgoblin (D:2)
  2 jackals (D:3)
  A bat (D:2)
  3 frilled lizards
  8 kobolds
  2 rats
47 creatures vanquished.

Vanquished Creatures (collateral kills)
  2 orcs
2 creatures vanquished.

Vanquished Creatures (others)
  2 orcs
2 creatures vanquished.

Grand Total: 51 creatures vanquished

Notes
Turn   | Place    | Note
-------+----------+-------------------------------------------
     0 | D:1      | Masnef the Felid Warper began the quest for the Orb.
     0 | D:1      | Reached XP level 1. HP: 9/9 MP: 4/4
   229 | D:1      | Found a shattered altar of Ashenzari.
   323 | D:1      | Became a worshipper of Ashenzari the Shackled
   907 | D:2      | Found a faded altar of an unknown god.
   914 | D:2      | Noticed Terence
   927 | D:2      | Killed Terence
   927 | D:2      | Reached skill level 1 in Stealth
   927 | D:2      | Reached skill level 3 in Unarmed Combat
   927 | D:2      | Reached XP level 2. HP: 11/13 MP: 6/6
   927 | D:2      | Reached XP level 3. HP: 14/16 MP: 7/7
  1894 | D:2      | Learned a level 2 spell: Blink
  2809 | D:3      | Reached XP level 4. HP: 16/19 MP: 8/8
  3278 | D:3      | Reached * piety under Ashenzari
  3340 | D:3      | Reached skill level 4 in Unarmed Combat
  4285 | D:3      | Noticed a bullfrog
  4285 | D:3      | a worker ant changed into a bullfrog
  4287 | D:3      | Noticed a steam dragon
  4287 | D:3      | a bullfrog changed into a steam dragon
  4288 | D:3      | Noticed a naga
  4288 | D:3      | a steam dragon changed into a naga
  4289 | D:3      | Noticed a basilisk
  4289 | D:3      | a naga changed into a basilisk
  4290 | D:3      | Noticed a human
  4290 | D:3      | a basilisk changed into a human
  4310 | D:3      | Slain by a human
  4311 | D:3      | Reached XP level 3. HP: 0/16 MP: 7/7
  4339 | D:4      | Reached XP level 4. HP: 8/19 MP: 8/8
  4583 | D:3      | Noticed an unseen horror
  4583 | D:3      | a human changed into an unseen horror
  4910 | D:3      | Noticed a golden eye
  4910 | D:3      | an unseen horror changed into a golden eye
  4937 | D:3      | Killed a golden eye
  4937 | D:3      | Reached skill level 5 in Unarmed Combat
  4937 | D:3      | Reached skill level 1 in Evocations
  4937 | D:3      | Reached XP level 5. HP: 22/22 MP: 9/9
  5533 | D:4      | Killed from afar by an orc wizard

Skill      XL: |  1  2  3  4 |
---------------+-------------+-----
Stealth        | 1 2 4 |  4.3
Unarmed Combat | 3 5 |  5.3
Evocations     | 1 |  1.1
Fighting       | |  2.0
Dodging        | |  3.2
Spellcasting   | |  2.0
Translocations | |  4.4

Action                   |  1- 3 |  4- 6 || total
-------------------------+-------+-------++-------
Melee: Unarmed           |    85 |   114 ||   199
       Bite              |     5 |    10 ||    15
       Punch             |       |     2 ||     2
 Cast: Blink             |     3 |     2 ||     5
Evoke: Wand              |     3 |    17 ||    20
 Stab: Sleeping          |     6 |     4 ||    10
  Eat: Chunk             |    11 |     8 ||    19
Armor: Skin              |     2 |     4 ||     6
Dodge: Dodged            |    51 |    74 ||   125
